 Dungeon Crawl Stone Soup version 0.20-a0-870-g4070442 (console) character file.

3992 nht the Cleaver (level 10, -12/63 HPs)
             Began as a Demonspawn Venom Mage on Mar 13, 2017.
             Was a Believer of Ashenzari.
             Mangled by a death yak (24 damage)
             ... on level 8 of the Dungeon.
             The game lasted 00:24:37 (9340 turns).

nht the Cleaver (Demonspawn Venom Mage)             Turns: 9340, Time: 00:24:38

Health: -12/63     AC:  7    Str:  8    XL:     10   Next: 3%
Magic:  6/16       EV: 14    Int: 20    God:    Ashenzari [**....]
Gold:   267        SH:  4    Dex: 20    Spells: 2/17 levels left

rFire    . . .     SeeInvis .   a - +1 hand axe (elec) (curse)
rCold    . . .     Gourm    +   H - +0 robe
rNeg     . . .     Faith    .   l - +0 buckler (curse)
rPois    .         Spirit   .   (no helmet)
rElec    .         Reflect  .   z - +0 cloak (curse)
rCorr    .         Harm     .   t - +0 pair of gloves (curse)
MR       .....                  (no boots)
Stlth    ++........             D - amulet of the gourmand (curse)
Regen    0.2/turn               m - +6 ring of dexterity (curse)
MPRegen  0.2/turn               n - +2 ring of evasion (curse)

@: no status effects
A: hooves 2, yellow scales 2, demonic guardian 2
a: Curse Item, Scrying, Renounce Religion


You were on level 8 of the Dungeon.
You worshipped Ashenzari.
Ashenzari was pleased with you.
You were not hungry.

You visited 2 branches of the dungeon, and saw 10 of its levels.
You also visited: Sewer.

You collected 435 gold pieces.
You spent 168 gold pieces at shops.

Inventory:

Hand Weapons
 a - a cursed +1 hand axe of electrocution (weapon)
 K - a +0 quarterstaff
Armour
 l - a cursed +0 buckler (worn)
 t - a cursed +0 pair of gloves (worn)
 z - a cursed +0 cloak (worn)
 F - a scarf of cold resistance
 H - a +0 robe (worn)
Jewellery
 f - an uncursed ring of see invisible
 m - a cursed +6 ring of dexterity (right hand)
 n - a cursed +2 ring of evasion (left hand)
 D - a cursed amulet of the gourmand (around neck)
Wands
 r - a wand of paralysis (19/24)
 A - a wand of disintegration (7/24)
 E - a wand of iceblast (10/15)
 G - a wand of flame (3/48)
Scrolls
 d - 7 scrolls of teleportation
 j - 3 scrolls of magic mapping
 k - a scroll of recharging
 o - 2 scrolls of enchant weapon
 s - 2 scrolls of amnesia
 J - a scroll of remove curse
Potions
 e - 3 potions of flight
 g - 3 potions of haste
 i - 5 potions of curing
 u - 4 potions of heal wounds {unknown}
 v - a potion of degeneration {unknown}
 w - 2 potions of ambrosia {unknown}
 x - a potion of invisibility {unknown}
 B - a potion of agility {unknown}
 I - a potion of might {unknown}
Books
 b - a Young Poisoner's Handbook

   Spells                             Type                      Level
   a - Sting                          Conjuration/Poison           1
   b - Poisonous Vapours              Poison/Air                   2
   c - Mephitic Cloud                 Conjuration/Poison/Air       3
   d - Olgreb's Toxic Radiance        Poison                       4
   e - Venom Bolt                     Conjuration/Poison           5
Comestibles
 c - 7 bread rations
 p - a royal jelly
 q - 5 meat rations
 C - a fruit


   Skills:
 + Level 10.1(12.2) Axes
 - Level 1.7 Dodging
 - Level 1.7 Stealth
 - Level 4.0 Spellcasting
 - Level 5.9(8.2) Conjurations
 - Level 6.7(9.1) Poison Magic


You had 2 spell levels left.
You knew the following spells:

 Your Spells              Type           Power        Failure   Level  Hunger
a - Sting                 Conj/Pois      ####         1%          1    None
b - Poisonous Vapours     Pois/Air       ###...       6%          2    #......
c - Mephitic Cloud        Conj/Pois/Air  ####....     8%          3    ###....
d - Venom Bolt            Conj/Pois      #####.....   17%         5    ######.
e - Olgreb's Toxic Radia  Pois           #####...     6%          4    ####...


Dungeon Overview and Level Annotations

Branches:
Dungeon (9/15)             Temple (1/1) D:4             Orc (0/2) D:9
   Lair: D:8-11

Altars:
Ashenzari
Cheibriados
Dithmenos
Elyvilon
Fedhas
Gozag
Hepliaklqana
Kikubaaqudgha
Makhleb
Nemelex Xobeh
Okawaru
Qazlal
Ru
Sif Muna
Trog
Uskayaw
Vehumet
Wu Jian
Xom
Yredelemnul
Zin
The Shining One

Shops:
D:5 ?(?


Innate Abilities, Weirdness & Mutations

You have hoof-like feet.
You are mostly covered in yellow scales. (AC +3)
A demonic guardian rushes to your aid.


Message History

The death yak is no longer weakened.
Your orange demon disappears in a puff of smoke!
There is an open door here.
Casting: Mephitic Cloud
Confirm with . or Enter, or press ? or * to list all spells.
Aiming: Mephitic Cloud
Press: ? - help, Shift-Dir - straight line, f - death yak
Aim: a death yak (moderately wounded) That beam is likely to hit you.
Continue anyway?
Okay, then.
Casting: Mephitic Cloud
Confirm with . or Enter, or press ? or * to list all spells.
Aiming: Mephitic Cloud
Press: ? - help, Shift-Dir - straight line, p - death yak The ball explodes into a vile cloud!
The stinking cloud engulfs the death yak.
The death yak is moderately wounded.
The death yak is engulfed in noxious fumes.
The death yak gores you!!
You die... ███████

█████████████.....█
█.....@Y.§..█.....█
█.....█.§...'.....█
█.....█§.§..█.....█
████████....█.....█████
█......█....█..........


█████ █......█'████.......... ....█ █...................... ....█
█...................... ....█ █............█'████████ You could see a death yak.

Vanquished Creatures
  Sigmund (D:2)
  2 hungry ghosts (D:9)
  Edmund (D:5)
  An orc warrior (D:6)
  2 black bears
  An ice beast (D:9)
  A phantom (D:7)
  A necrophage (D:7)
  A sky beast (D:7)
  2 ogres (D:5)
  A centaur (D:7)
  2 big kobolds
  A bullfrog (D:6)
  3 gnoll sergeants
  A killer bee (D:9)
  A centaur zombie (D:6)
  3 crimson imps
  5 hounds
  A bullfrog zombie (D:5)
  3 orc priests
  A bullfrog skeleton (D:4)
  A jelly (D:5)
  Crazy Yiuf (D:3)
  3 iguanas
  7 orc wizards
  5 worker ants
  An ogre zombie (D:9)
  A hound skeleton (D:7)
  A worker ant zombie (D:6)
  14 gnolls
  6 adders
  3 river rats
  4 shadow imps
  2 adder skeletons
  4 worms
  2 dart slugs (D:2)
  2 leopard geckos
  44 orcs
  4 bats
  5 giant cockroaches
  4 goblins (D:2)
  4 hobgoblins
  9 jackals
  A quokka (D:8)
  2 ball pythons (D:3)
  3 frilled lizards
  A giant cockroach zombie (D:5)
  A hobgoblin zombie (D:9)
  9 kobolds
  An orc skeleton (D:9)
  4 orc zombies (D:9)
  A quokka skeleton (D:6)
  15 rats
200 creatures vanquished.

Vanquished Creatures (collateral kills)
  A death yak (D:9)
  A hippogriff (D:7)
  A wraith (D:8)
  2 hungry ghosts
  2 ogres
  2 crimson imps
  A bullfrog zombie (D:6)
  A leopard gecko (D:6)
  A goblin zombie (D:9)
12 creatures vanquished.

Vanquished Creatures (others)
  A centaur (D:5)
  An orc priest (D:5)
  3 orcs (D:5)
  A jackal (D:5)
  A frilled lizard (D:5)
7 creatures vanquished.

Grand Total: 219 creatures vanquished

Notes
Turn   | Place    | Note
-------+----------+-------------------------------------------
     0 | D:1      | nht the Demonspawn Venom Mage began the quest for the Orb.
     0 | D:1      | Reached XP level 1. HP: 13/13 MP: 3/3
   420 | D:1      | Gained mutation: You are partially covered in yellow scales. (AC +2) [demonic ancestry]
   420 | D:1      | Reached XP level 2. HP: 15/19 MP: 0/5
  1731 | D:2      | Noticed Sigmund
  1752 | D:2      | Killed Sigmund
  1752 | D:2      | Reached XP level 3. HP: 24/24 MP: 0/6
  1752 | D:2      | Reached XP level 4. HP: 30/30 MP: 0/7
  1752 | D:2      | Gained mutation: You have large cloven feet. [demonic ancestry]
  1752 | D:2      | Reached XP level 5. HP: 35/35 MP: 0/8
  2554 | D:3      | Found a glowing drain.
  2564 | D:3      | Reached skill level 5 in Poison Magic
  2575 | D:3      | Learned a level 2 spell: Poisonous Vapours
  2579 | D:3      | Learned a level 3 spell: Mephitic Cloud
  2674 | Sewer    | Entered a sewer
  3010 | Sewer    | Reached XP level 6. HP: 20/41 MP: 1/9
  3059 | Sewer    | Found a glowing silver altar of Zin.
  3709 | D:3      | Found a runed door.
  4013 | D:3      | Noticed Crazy Yiuf
  4016 | D:3      | Killed Crazy Yiuf
  4498 | D:4      | Found a staircase to the Ecumenical Temple.
  4504 | D:4      | Reached skill level 5 in Conjurations
  4504 | D:4      | Gained mutation: A weak demonic guardian rushes to your aid. [demonic ancestry]
  4504 | D:4      | Reached XP level 7. HP: 26/46 MP: 3/10
  4519 | Temple   | Entered the Ecumenical Temple
  4778 | Temple   | Became a worshipper of Ashenzari the Shackled
  4874 | D:5      | Entered Level 5 of the Dungeon
  4946 | D:5      | Found Bopac's Magic Scroll Emporium.
  4950 | D:5      | Bought a scroll of remove curse for 42 gold pieces
  4950 | D:5      | Bought a scroll of teleportation for 42 gold pieces
  4950 | D:5      | Bought a scroll of remove curse for 42 gold pieces
  4950 | D:5      | Bought a scroll of teleportation for 42 gold pieces
  4971 | D:5      | Learned a level 5 spell: Venom Bolt
  5025 | D:5      | Noticed a hungry ghost
  5029 | D:5      | Noticed Edmund
  5041 | D:5      | Killed a hungry ghost
  5059 | D:5      | Killed Edmund
  5362 | D:5      | Found Gedah's Magic Scroll Emporium.
  5679 | D:5      | Found Nehoor's Weapon Boutique.
  5742 | D:5      | Gained mutation: You have hoof-like feet. [demonic ancestry]
  5742 | D:5      | Reached XP level 8. HP: 26/52 MP: 12/14
  5759 | D:5      | Reached * piety under Ashenzari
  5782 | D:5      | Reached skill level 1 in Axes
  6028 | D:5      | Found a shimmering altar of Xom.
  6211 | D:5      | Reached skill level 2 in Axes
  6285 | D:6      | Reached skill level 3 in Axes
  6354 | D:6      | Reached skill level 4 in Axes
  6703 | D:6      | Reached skill level 5 in Axes
  7297 | D:6      | Reached skill level 6 in Axes
  7620 | D:7      | Gained mutation: A demonic guardian rushes to your aid. [demonic ancestry]
  7620 | D:7      | Reached XP level 9. HP: 12/57 MP: 15/15
  7931 | D:7      | Reached skill level 7 in Axes
  8033 | D:7      | Learned a level 4 spell: Olgreb's Toxic Radiance
  8062 | D:7      | Reached skill level 8 in Axes
  8328 | D:8      | Reached ** piety under Ashenzari
  9013 | D:9      | Reached skill level 9 in Axes
  9301 | D:9      | Noticed a death yak
  9301 | D:9      | Noticed a death yak
  9306 | D:9      | Noticed a death yak
  9308 | D:9      | Noticed a death yak
  9309 | D:9      | Noticed a death yak
  9315 | D:9      | Killed a death yak
  9315 | D:9      | Reached skill level 10 in Axes
  9315 | D:9      | Gained mutation: You are mostly covered in yellow scales. (AC +3) [demonic ancestry]
  9315 | D:9      | Reached XP level 10. HP: 43/63 MP: 8/16
  9340 | D:8      | Mangled by a death yak

Vault maps used:
D:1:      dpeg_arrival_ratfight
D:2:      corexii_corridor_pit, kennysheep_generic_room_6, uniq_sigmund
D:3:      first_bread, portal_sewer_entry_c, uniq_crazy_yiuf_cottage
D:4:      minmay_temple_entry_nine_rooms
D:5:      xom_confusion_cloud, serial_shops, nicolae_shop_trees, shop, shop,
          uniq_edmund
D:9:      dpeg_lair_monsters, zombieorc2_lemuel
Temple:   nicolae_temple_the_god_donut
Sewer:    sewer_kobolds

Skill      XL: |  1  2  3  4  5  6  7  8  9 |
---------------+----------------------------+-----
Conjurations   | 3 4 5 |  5.9
Poison Magic   | 4 5 6 |  6.7
Spellcasting   | 4 |  4.0
Axes           | 6 10 | 10.1
Dodging        | |  1.7
Stealth        | |  1.7

Action                   |  1- 3 |  4- 6 |  7- 9 | 10-12 || total
-------------------------+-------+-------+-------+-------++-------
Melee: Unarmed           |    25 |    12 |       |       ||    37
       Whip              |       |    93 |    70 |       ||   163
       Kick              |       |    21 |    60 |     2 ||    83
       Spear             |       |     1 |       |       ||     1
       Hand axe          |       |       |   215 |     2 ||   217
 Cast: Sting             |    64 |   106 |   105 |       ||   275
       Poisonous Vapours |       |     3 |     2 |       ||     5
       Mephitic Cloud    |       |       |     5 |     2 ||     7
       Olgreb's Toxic Ra |       |       |     1 |       ||     1
Invok: Curse Item        |       |       |     7 |       ||     7
Evoke: Wand              |       |       |     9 |       ||     9
  Use: Scroll            |     1 |    12 |     5 |       ||    18
       Potion            |       |       |     4 |       ||     4
 Stab: Sleeping          |       |     1 |     1 |       ||     2
       Confused          |       |       |     6 |       ||     6
       Paralysed         |       |       |     2 |       ||     2
       Distracted        |       |       |     2 |       ||     2
  Eat: Chunk             |     4 |    10 |    31 |       ||    45
Armor: Robe              |     6 |    20 |    67 |       ||    93
       Skin              |       |       |     2 |       ||     2
Dodge: Dodged            |    16 |    83 |   181 |     1 ||   281
Block: Buckler           |       |     8 |    67 |       ||    75
